 Dungeon Crawl Stone Soup version 0.20-a0-1124-g2e29d97 (webtiles) character file.

160 Naow the Firebug (level 5, 0/51 HPs)
             Began as an Octopode Fire Elementalist on May 16, 2017.
             Succumbed to an adder's poison
             ... on level 3 of the Dungeon.
             The game lasted 00:03:24 (3121 turns).

Naow the Firebug (Octopode Fire Elementalist)       Turns: 3121, Time: 00:03:25

Health: 0/51       AC: 22    Str:  8    XL:     5   Next: 41%
Magic:  3/9        EV:  2    Int: 18    God:
Gold:   157        SH:  0    Dex: 12    Spells: 4/10 levels left

rFire    . . .     SeeInvis .   l - +0 dagger
rCold    . . .     Gourm    .   (no shield)
rNeg     + + +     Faith    .   (helmet currently unavailable)
rPois    +         Spirit   .   (no amulet)
rElec    .         Reflect  .   (no ring)
rCorr    .         Harm     .   (no ring)
MR       .....     NoTele   +   (no ring)
Stlth    ++........             (no ring)
Regen    0.2/turn               (no ring)
MPRegen  0.2/turn               (no ring)
                                (no ring)
                                (no ring)

@: lethally poisoned (0 -> -1), tree-form, very slightly contaminated, invisible
A: almost no armour, stealthy swim, (amphibious), 8 rings, (constrict 8), blurry
vision 1, robust 1
a: no special abilities


You were on level 3 of the Dungeon.
You were not hungry.
You were a tree.
You visited 1 branch of the dungeon, and saw 3 of its levels.

You collected 157 gold pieces.

Inventory:

Hand Weapons
 l - a +0 dagger (weapon)
 r - a +3 dagger
Wands
 u - a wand of confusion (14/48)
Scrolls
 d - a scroll of enchant armour {unknown}
 e - 2 scrolls of immolation {unknown}
 j - 2 scrolls of amnesia {unknown}
 k - a scroll of remove curse {unknown}
 m - 2 scrolls of identify {unknown}
 p - a scroll of recharging {unknown}
Potions
 h - a potion of degeneration {unknown}
 i - a potion of ambrosia {unknown}
 n - a potion of heal wounds {unknown}
 o - a potion of agility {unknown}
 s - a potion of berserk rage {unknown}
 v - a potion of haste {unknown}
Books
 a - a book of Flames

   Spells                             Type                      Level
   a - Flame Tongue                   Conjuration/Fire             1
   b - Throw Flame                    Conjuration/Fire             2
   c - Conjure Flame                  Conjuration/Fire             3
   d - Inner Flame                    Hexes/Fire                   3
   e - Sticky Flame                   Conjuration/Fire             4
   f - Fireball                       Conjuration/Fire             5
Comestibles
 b - 2 bread rations
 f - 2 royal jellies
 g - a meat ration
 t - 2 chunks of flesh


   Skills:
 - Level 2.0 Dodging
 - Level 2.6 Stealth
 + Level 3.1 Spellcasting
 + Level 3.1 Conjurations
 + Level 4.2 Fire Magic


You had 4 spell levels left.
You knew the following spells:

 Your Spells              Type           Power        Failure   Level  Hunger
a - Flame Tongue          Conj/Fire      ###..        3%          1    None
b - Throw Flame           Conj/Fire      ###...       5%          2    ##.....
c - Conjure Flame         Conj/Fire      ###.....     11%         3    ###....


Dungeon Overview and Level Annotations

Branches:
Dungeon (3/15)

Altars:
Hepliaklqana

Annotations:
D:3 Grinder


Innate Abilities, Weirdness & Mutations

You cannot wear most types of armour.
You are very stealthy in the water. (Stealth+)
((You are amphibious.))
You can wear up to eight rings at the same time.
((You can use your tentacles to constrict eight enemies at once.))
((Your skin changes colour to match your surroundings (Stealth+).))
((Your rubbery body absorbs attacks. (AC +1, EV +1)))
Scrolls take you a little longer to read.
((Your flesh is heat resistant. (rF+)))
You are robust. (+10% HP)


Message History

Aiming: Flame Tongue
Press: ? - help, Shift-Dir - straight line, f/p - adder
Aim: an adder (heavily wounded)
The flame tongue hits the adder.
You kill the adder!
Jessica hits you but does no damage.
Casting: Flame Tongue
Confirm with . or Enter, or press ? or * to list all spells.
Aiming: Flame Tongue
Press: ? - help, Shift-Dir - straight line, f - Jessica
Aim: Jessica, wearing a robe (almost dead)
The flame tongue hits Jessica.
You kill Jessica!
Casting: Flame Tongue
Confirm with . or Enter, or press ? or * to list all spells.
Aiming: Flame Tongue
Press: ? - help, Shift-Dir - straight line, f - Grinder
Aim: Grinder The flame tongue hits Grinder.
Grinder appears unharmed.
You die...

.....)..........###..##.
....#(#########.###..#
...(#(#..............##..§.
...........................#
....((.............#.......#
##.................#........
###...............#.......#
.....######....†.#.......#
#......# ##..♣..........#
#......# ####5......##..
##......# ###............
........# #..............
......... #..............
>... #........?..... ....
#......>....... ..(.
#../........... ....
......?#....##..


You could see Grinder.

Vanquished Creatures
  An orc wizard (D:2)
  Jessica (D:3)
  5 adders
  An ooze (D:2)
  2 worms (D:2)
  A dart slug (D:2)
  4 orcs
  2 giant cockroaches
  3 goblins
  9 hobgoblins
  3 quokkas (D:2)
  6 bats
  5 frilled lizards
  5 kobolds
  3 rats
51 creatures vanquished.

Notes
Turn   | Place    | Note
-------+----------+-------------------------------------------
     0 | D:1      | Naow the Octopode Fire Elementalist began the quest for the Orb.
     0 | D:1      | Reached XP level 1. HP: 11/11 MP: 3/3
   978 | D:2      | Reached XP level 2. HP: 17/17 MP: 5/5
  1284 | D:2      | Found a hazy altar of Hepliaklqana.
  1317 | D:2      | Reached XP level 3. HP: 21/21 MP: 6/6
  2187 | D:2      | Learned a level 2 spell: Throw Flame
  2191 | D:2      | Learned a level 3 spell: Conjure Flame
  2230 | D:2      | Reached XP level 4. HP: 22/27 MP: 3/7
  2559 | D:2      | Reached skill level 4 in Fire Magic
  2755 | D:3      | Reached XP level 5. HP: 20/31 MP: 1/9
  3098 | D:3      | Noticed Jessica
  3100 | D:3      | Noticed Grinder
  3112 | D:3      | Gained mutation: You are robust. (+10% HP) [potion of mutation]
  3112 | D:3      | Gained mutation: Scrolls take you a little longer to read. [potion of mutation]
  3112 | D:3      | Gained mutation: Your flesh is heat resistant. (rF+) [potion of mutation]
  3114 | D:3      | HP: 2/51 [Jessica (1)]
  3120 | D:3      | Killed Jessica
  3121 | D:3      | Succumbed to an adder's poison

Vault maps used:
D:1:      dpeg_arrival_arbitrary_a
D:2:      lemuel_doored_altar, minivault_23, minmay_tall_x
D:3:      tgw_trog, uniq_ijyb, uniq_grinder, uniq_jessica

Skill      XL: |  1  2  3  4  5 |
---------------+----------------+-----
Conjurations   | 2 3 |  3.1
Fire Magic     | 4 |  4.2
Spellcasting   | 3 |  3.1
Dodging        | |  2.0
Stealth        | |  2.6

Action                   |  1- 3 |  4- 6 || total
-------------------------+-------+-------++-------
Melee: Dagger            |    20 |     9 ||    29
       Constrict         |     6 |     3 ||     9
       Tentacles         |     3 |     1 ||     4
       Unarmed           |     1 |       ||     1
 Cast: Flame Tongue      |    37 |    50 ||    87
       Throw Flame       |       |     6 ||     6
  Use: Potion            |       |     3 ||     3
 Stab: Sleeping          |     4 |       ||     4
       Invisible         |       |     1 ||     1
  Eat: Chunk             |     4 |     3 ||     7
Armor: Skin              |     1 |    11 ||    12
Dodge: Dodged            |    19 |    38 ||    57
